 Dungeon Crawl Stone Soup version 0.21-a0-84-g85d6d27 (webtiles) character file.

10283 dddddddd207 the Cleaver (level 11, -1/97 HPs)
             Began as a Minotaur Berserker on June 23, 2017.
             Was a High Priest of Trog.
             Slain by a white ugly thing (3 damage)
             ... in an ice cave on June 27, 2017.
             The game lasted 01:14:36 (9546 turns).

dddddddd207 the Cleaver (Minotaur Berserker)        Turns: 9546, Time: 01:14:37

Health: -1/97      AC: 16    Str: 24    XL:     11   Next: 34%
Magic:  11/11      EV:  9    Int:  4    God:    Trog [*****.]
Gold:   508        SH:  0    Dex: 16    Spells: 10/10 levels left

rFire    + . .     SeeInvis .   C - +0 war axe
rCold    x . .     Gourm    +   (no shield)
rNeg     . . .     Faith    .   x - +0 plate armour
rPois    .         Spirit   .   (helmet restricted)
rElec    .         Reflect  .   (no cloak)
rCorr    +         Harm     .   v - +0 pair of gloves
MR       ++...                  (no boots)
Stlth    ..........             q - amulet of Wonder {Gourm Dex+5}
HPRegen  1.26/turn              g - ring of fire
MPRegen  0.12/turn              n - ring of resist corrosion

@: regenerating
A: retaliatory headbutt, horns 2
a: Berserk, Trog's Hand, Brothers in Arms, Burn Spellbooks, Renounce Religion


You were in an ice cave.
You worshipped Trog.
Trog was extremely pleased with you.
You were very full.

You visited 3 branches of the dungeon, and saw 12 of its levels.
You also visited: Ice Cave.

You collected 673 gold pieces.
You spent 165 gold pieces at shops.

Inventory:

Hand Weapons
 C - a +0 war axe (weapon)
Missiles
 f - 495 stones
 l - 5 javelins of penetration
 z - 6 tomahawks of returning
 G - 6 javelins of returning (quivered)
 V - 5 steel tomahawks
 Z - 3 javelins
Armour
 v - a +0 pair of gloves (worn)
 x - a +0 plate armour (worn)
Jewellery
 e - an uncursed amulet of regeneration
 g - a ring of fire (left hand)
 n - a ring of resist corrosion (right hand)
 q - the amulet of Wonder (around neck) {Gourm Dex+5}
   (You found it on level 9 of the Dungeon)

   [amulet of the gourmand]

   It allows you to eat raw meat even when not hungry.
   It affects your dexterity (+5).
 u - a +4 ring of evasion
 K - an uncursed ring of see invisible {unknown}
 R - an uncursed ring of flight {unknown}
 T - an uncursed amulet of the gourmand {unknown}
Wands
 o - a wand of lightning (0/15)
 A - a wand of flame (5/48)
 L - a wand of flame (34/48)
 M - a wand of random effects (20/48)
 N - a wand of paralysis (5/24)
 U - a wand of enslavement (10/24)
Scrolls
 a - a scroll of identify
 t - 8 scrolls of teleportation
 w - 3 scrolls of remove curse
 y - a scroll of enchant weapon
 E - a scroll of fear
 F - 2 scrolls of amnesia
 I - a scroll of random uselessness {unknown}
 S - a scroll of magic mapping
 W - a scroll of holy word {unknown}
Potions
 b - a potion of brilliance {unknown}
 d - 3 potions of cancellation
 j - a potion of resistance
 k - 2 potions of degeneration {unknown}
 m - a potion of flight
 p - a potion of invisibility
 s - a potion of ambrosia {unknown}
 D - 2 potions of lignification
 J - 2 potions of mutation
 P - a potion of haste {unknown}
 Q - a potion of might {unknown}
Comestibles
 c - 4 bread rations
 h - 15 royal jellies
 i - 9 fruits
 r - 6 meat rations


   Skills:
 + Level 9.3 Fighting
 + Level 13.8 Axes
 + Level 6.0 Throwing
 + Level 10.7 Armour
 + Level 4.0 Dodging
 + Level 1.7 Stealth
 + Level 1.8 Evocations


You had 10 spell levels left.
You didn't know any spells.

Dungeon Overview and Level Annotations

Branches:
Dungeon (10/15)            Temple (1/1) D:4            Lair (1/6) D:10
    Orc (0/2) D:9

Altars:
Ashenzari
Cheibriados
Dithmenos
Elyvilon
Fedhas
Gozag
Hepliaklqana
Kikubaaqudgha
Makhleb
Nemelex Xobeh
Okawaru
Qazlal
Ru
Sif Muna
Trog
Uskayaw
Vehumet
Wu Jian
Xom
Yredelemnul
Zin
The Shining One

Shops:
D:5 **   D:6 :   D:7 *

Annotations:
Lair:1 Sonja; aTarkinC's ghost, journeyman GrFE IceCv exclusion: 2 ice statues


Innate Abilities, Weirdness & Mutations

You reflexively headbutt those who attack you in melee.
You have a pair of horns on your head.


Message History

The ice statue gestures.
The white ugly thing engulfs you. The white ugly thing freezes you!!!
You feel a terrible chill!
You slash the white ugly thing!
Your headbutt misses the white ugly thing.
The white ugly thing is heavily wounded.
The ice statue gestures.
The white ugly thing barely misses you.
You slash the white ugly thing!
You headbutt the white ugly thing, but do no damage.
The white ugly thing is heavily wounded.
The white ugly thing engulfs you. The white ugly thing freezes you!!
You feel a terrible chill!
* * * LOW HITPOINT WARNING * * *
Your skin crawls.
You feel resistant to hostile enchantments.
You feel somewhat less full.
The ice beast hits you but does no damage. x2
The white ugly thing engulfs you.
You die...

####
##...####
........##
.........##
..........##
8..8Y......#
.[.....Y...#
=.!...u@.∩.#
.=.....Y...#
8..8.......#
....Y.....##
.........##
........##
##...####
####


You could see 2 ice statues, a white ugly thing and 4 ice beasts.

Vanquished Creatures
  2 two-headed ogres
  An ugly thing (IceCv)
  A spiny frog (Lair:1)
  A centaur skeleton (D:10)
  3 komodo dragons
  Grinder (D:6)
  2 trolls
  A meliai zombie (D:10)
  2 hippogriffs
  2 wyverns (D:10)
  A basilisk (D:10)
  6 yaks (D:9)
  A steam dragon (D:10)
  2 hungry ghosts
  The ghost of pokeman the Magician, an amateur DEWz (D:3)
  A porcupine (Lair:1)
  A water moccasin (Lair:1)
  10 ice beasts
  A sky beast (D:5)
  5 phantoms
  3 ogres
  A necrophage (D:10)
  2 wolves
  2 crocodiles
  3 bullfrogs
  2 big kobolds
  A scorpion (D:4)
  3 howler monkeys (D:8)
  3 crimson imps
  2 bullfrog zombies
  3 hounds
  A quasit (D:9)
  A bullfrog skeleton (D:6)
  6 jellies
  5 orc priests
  4 orc wizards
  Ijyb (D:3)
  2 iguanas
  9 worker ants
  A killer bee zombie (D:9)
  6 ogre zombies (D:9)
  A hound zombie (D:9)
  A howler monkey skeleton (D:9)
  11 adders
  A shadow imp (D:9)
  5 oozes (D:9)
  2 worms
  3 dart slugs
  6 leopard geckos
  23 orcs
  2 ball pythons
  8 bats
  6 giant cockroaches
  3 hobgoblins
  10 jackals
  7 quokkas
  A frilled lizard (D:1)
  13 goblins
  A goblin skeleton (D:9)
  2 goblin zombies (D:9)
  5 hobgoblin zombies (D:9)
  10 kobolds
  2 orc skeletons (D:9)
  9 orc zombies (D:9)
  5 rats
243 creatures vanquished.

Vanquished Creatures (collateral kills)
  An orc warrior (D:9)
1 creature vanquished.

Vanquished Creatures (others)
  A human (D:3)
1 creature vanquished.

Grand Total: 245 creatures vanquished

Notes
Turn   | Place    | Note
-------+----------+-------------------------------------------
     0 | D:1      | dddddddd207 the Minotaur Berserker began the quest for the Orb.
     0 | D:1      | Reached XP level 1. HP: 19/19 MP: 0/0
   557 | D:2      | Reached XP level 2. HP: 27/27 MP: 1/1
   656 | D:2      | Reached skill level 4 in Axes
   716 | D:2      | Reached XP level 3. HP: 32/34 MP: 2/2
   970 | D:2      | Found a shattered altar of Ashenzari.
  1007 | D:2      | Reached ** piety under Trog
  1280 | D:3      | Noticed pokeman's ghost (amateur DEWz)
  1301 | D:3      | Reached XP level 4. HP: 37/41 MP: 3/3
  1309 | D:3      | Killed pokeman's ghost
  1309 | D:3      | Reached skill level 5 in Fighting
  1309 | D:3      | Reached skill level 5 in Axes
  1309 | D:3      | Reached XP level 5. HP: 43/48 MP: 4/4
  1317 | D:3      | Found a basalt altar of Yredelemnul.
  1616 | D:3      | Noticed a hungry ghost
  1635 | D:3      | Killed a hungry ghost
  1635 | D:3      | Reached XP level 6. HP: 47/57 MP: 5/5
  2081 | D:3      | Noticed Ijyb
  2104 | D:3      | Killed Ijyb
  2140 | D:3      | Upgraded the game from 0.21-a0-81-gc5150db to 0.21-a0-84-g85d6d27
  2185 | D:3      | Found an ancient bone altar of Kikubaaqudgha.
  2186 | D:3      | Noticed a human
  2188 | D:3      | Killed a human
  2370 | D:4      | Reached *** piety under Trog
  2376 | D:4      | Reached skill level 6 in Axes
  2443 | D:4      | Found a glowing silver altar of Zin.
  2558 | D:4      | Reached skill level 1 in Throwing
  2580 | D:4      | Found a shadowy altar of Dithmenos.
  2596 | D:4      | Reached XP level 7. HP: 63/64 MP: 6/6
  2616 | D:4      | Found a stormy altar of Qazlal.
  2767 | D:4      | Found a staircase to the Ecumenical Temple.
  3011 | D:4      | Reached skill level 7 in Axes
  3134 | D:5      | Entered Level 5 of the Dungeon
  3175 | Temple   | Entered the Ecumenical Temple
  3296 | D:5      | Found Aqaunge's General Store.
  3312 | D:5      | Bought a scroll of amnesia for 49 gold pieces
  3312 | D:5      | Bought a scroll of identify for 28 gold pieces
  3456 | D:5      | Found Gytixkas's Assorted Antiques.
  3464 | D:5      | Bought a scroll of identify for 44 gold pieces
  3464 | D:5      | Bought a scroll of identify for 44 gold pieces
  3562 | D:5      | Reached skill level 5 in Armour
  3562 | D:5      | Reached XP level 8. HP: 71/71 MP: 7/7
  3706 | D:5      | Found a glowing golden altar of the Shining One.
  3762 | D:5      | Reached skill level 8 in Axes
  3762 | D:5      | Reached skill level 1 in Stealth
  4059 | D:5      | Reached **** piety under Trog
  4278 | D:6      | Found Tificw's Book Boutique.
  4300 | D:6      | Found an ancient bone altar of Kikubaaqudgha.
  4503 | D:6      | Reached skill level 9 in Axes
  4504 | D:6      | Noticed Grinder
  4512 | D:6      | Killed Grinder
  4736 | D:7      | Found Vugaesuq's Assorted Antiques.
  4750 | D:7      | You fall through a shaft for 2 floors!
  4764 | D:9      | Reached skill level 10 in Axes
  4764 | D:9      | Reached XP level 9. HP: 41/79 MP: 8/8
  4916 | D:9      | Got a smoking tin amulet
  5106 | D:7      | Identified the amulet of Wonder {Gourm Dex+5} (You found it on level 9 of the Dungeon)
  5130 | D:7      | Found a deep blue altar of Sif Muna.
  5308 | D:7      | Found a sacrificial altar of Ru.
  5552 | D:8      | Noticed a troll
  5559 | D:8      | Killed a troll
  5559 | D:8      | Reached skill level 11 in Axes
  6086 | D:9      | Found an opulent altar of Gozag.
  6130 | D:9      | Noticed a two-headed ogre
  6136 | D:9      | Killed a two-headed ogre
  6136 | D:9      | Reached skill level 12 in Axes
  6136 | D:9      | Reached XP level 10. HP: 88/88 MP: 9/9
  6143 | D:9      | Found a burning altar of Makhleb.
  6160 | D:9      | Found a glowing golden altar of the Shining One.
  6198 | D:9      | Found a bloodstained altar of Trog.
  6284 | D:9      | Received a gift from Trog
  6308 | D:9      | Reached ***** piety under Trog
  6412 | D:9      | Reached skill level 5 in Throwing
  6716 | D:9      | Received a gift from Trog
  6724 | D:9      | Found a staircase to the Orcish Mines.
  7411 | D:10     | Entered Level 10 of the Dungeon
  7574 | D:10     | Received a gift from Trog
  7748 | D:10     | Noticed a two-headed ogre
  7761 | D:10     | Killed a two-headed ogre
  7761 | D:10     | Reached skill level 13 in Axes
  7761 | D:10     | Reached skill level 10 in Armour
  8086 | D:10     | Reached skill level 1 in Evocations
  8108 | D:10     | Reached XP level 11. HP: 36/97 MP: 10/10
  8608 | D:10     | Found a staircase to the Lair.
  8902 | Lair:1   | Entered Level 1 of the Lair of Beasts
  8916 | Lair:1   | Noticed aTarkinC's ghost (journeyman GrFE)
  8920 | Lair:1   | Noticed Sonja
  8939 | D:10     | HP: 2/97 [wolf (5)]
  9471 | Lair:1   | Found a frozen archway.
  9483 | IceCv    | Entered an ice cave
  9483 | IceCv    | Noticed a white ugly thing
  9494 | IceCv    | Killed a white ugly thing
  9498 | IceCv    | Received a gift from Trog
  9504 | IceCv    | Found a transporter.
  9540 | IceCv    | Noticed a white ugly thing
  9545 | IceCv    | HP: 1/97 [white ugly thing (34)]
  9546 | IceCv    | Slain by a white ugly thing

Vault maps used:
D:1:      dpeg_arrival_tiny_k, corner_web_ring
D:2:      lemuel_doored_altar, kennysheep_generic_room_10
D:3:      kennysheep_goblin_castle, overflow_temple_1_default, tgw_kikubaaqudgha
D:4:      grunt_dithmenos_shadows, zin_statuary,
          minmay_temple_entry_statues_pillars, first_bread,
          grunt_qazlal_sundering
D:5:      serial_shops, kennysheep_little_box, nicolae_shop_waterfront,
          tso_metal_star
D:6:      overflow_temple_1_default, serial_shops, nicolae_shop_stone,
          uniq_grinder
D:7:      tgw_sif, serial_shops, shop, nicolae_ru_awakened_eye
D:8:      uniq_psyche
D:9:      nicolae_gozag_seed_capital, old_standard_altar,
          nicolae_overflow_crystal_walls, zombieorc1_lemuel,
          hangedman_little_slice_of_home, makhleb_heckhound_becter
D:10:     erik_lair_dragon, kennysheep_generic_room_9
Temple:   cyrus_circular_temple
Lair:1:   portal_ice_cave_entry_pillars_1, beast_lair_carwin_3, uniq_sonja
IceCv:    ice_cave_statue_garden_teleport

Skill      XL: |  1  2  3  4  5  6  7  8  9 10 11 |
---------------+----------------------------------+-----
Fighting       | 4 5 6 7 9 |  9.3
Axes           | 4 5 6 7 10 12 13 | 13.8
Armour         | 3 4 5 6 9 10 | 10.7
Dodging        | 3 4 |  4.0
Throwing       | 1 2 3 4 5 6 |  6.0
Stealth        | 1 |  1.7
Evocations     | 1 |  1.8

Action                   |  1- 3 |  4- 6 |  7- 9 | 10-12 || total
-------------------------+-------+-------+-------+-------++-------
Melee: Hand axe          |    65 |    81 |       |       ||   146
       Headbutt          |    13 |    24 |    39 |    68 ||   144
       War axe           |       |    35 |   208 |   248 ||   491
 Fire: Blowgun           |       |     2 |       |       ||     2
Throw: Stone             |     4 |    31 |     3 |     8 ||    46
       Javelin           |       |       |    32 |    20 ||    52
       Tomahawk          |       |       |       |    25 ||    25
Invok: Burn Spellbooks   |     1 |       |     1 |     1 ||     3
       Berserk           |       |       |     2 |     1 ||     3
       Brothers in Arms  |       |       |       |     1 ||     1
       Trog's Hand       |       |       |       |     2 ||     2
Evoke: Wand              |       |       |     4 |    17 ||    21
  Use: Scroll            |     8 |     2 |     7 |     2 ||    19
       Potion            |       |       |     2 |     3 ||     5
 Stab: Sleeping          |       |       |       |     1 ||     1
  Eat: Chunk             |     1 |     5 |    20 |    20 ||    46
       Fruit             |       |     3 |     4 |       ||     7
Armor: Leather armour    |    11 |    10 |       |       ||    21
       Plate armour      |       |    46 |    95 |    92 ||   233
Dodge: Dodged            |    41 |    47 |    68 |    89 ||   245
